AoeStats
← Shuksan

Four Lakes

510222186Analyzed
1v1 RM · 18h ago on Sep 30, 2026· 28m 8s· 2 players
Game mode
Random Map
Map size
Tiny (2 player)
Population
200
Speed
Normal
Resources
Standard
Victory
Conquest
Starting age
Dark Age
Ending age
Imperial Age
RankedLock teamsTeams togetherTeam positionsShared explorationLock speedFull tech treeHidden civsTurbo modeCheats
Victory
Defeat
🇺🇸 Franks · United States
807
+13
🇺🇸 Spanish · United States
741
-13
Shuksan
9:35 Loom
12:40 Feudal Age
13:41 Double-Bit Axe
15:10 Wheelbarrow
15:41 Horse Collar
16:45 Fishing Lines
22:37 Castle Age
21:13 Scale Mail Armor
22:42 Bloodlines
22:40 Scale Barding Armor
25:32 Gillnets
Huntsky
2:05 Loom
10:39 Feudal Age
11:07 Double-Bit Axe
13:54 Scale Barding Armor
14:04 Forging
17:49 Wheelbarrow
21:54 Castle Age
20:28 Stone Mining
20:30 Gold Mining
22:57 Chain Barding Armor
23:09 Husbandry
25:39 Hand Cart
25:36 Bow Saw
25:32 Fletching
27:13 Bodkin Arrow
27:56 Iron Casting
27:54 Murder Holes
Connection lost

Rejoining the realm…

Still unreachable

The connection could not be restored.

Session expired

The server has moved on; the page needs a fresh start.